 Dungeon Crawl Stone Soup version 0.29-a0-666-g26d293caef (webtiles) character file.

Game seed: 14454767410610314506

4691 Kae the Destroyer (level 10, -1/59 HPs)
             Began as a Tengu Fire Elementalist on June 23, 2022.
             Was a Believer of Vehumet.
             Slain by an orc warrior
             ... wielding a +0 short sword
              (18 damage)
             ... on level 8 of the Dungeon.
             The game lasted 00:10:27 (9436 turns).

Kae the Destroyer (Tengu Fire Elementalist)         Turns: 9436, Time: 00:10:28

Health: -1/59      AC:  4    Str:  9    XL:     10   Next: 44%
Magic:  17/19      EV: 17    Int: 20    God:    Vehumet [**....]
Gold:   960        SH:  0    Dex: 14    Spells: 6/19 levels left

rFire   + + .      SeeInvis .   s - staff of fire {!a}
rCold   . . .      Faith    .   (no shield)
rNeg    . . .      Spirit   .   a - +1 robe
rPois   .          Reflect  .   (helmet restricted)
rElec   .          Harm     .   X - +0 cloak
rCorr   +          Rampage  .   (no gloves)
Will    .....                   (boots unavailable)
Stlth   ++........              z - amulet of magic regeneration
HPRegen 0.19/turn               R - ring of resist corrosion
MPRegen 0.56/turn               F - ring of protection from fire

@: lethally poisoned (-1 -> -6), flying quickly and evasively, invisible, quick
A: beak, talons 3, nimble flight
a: Renounce Religion


You were on level 8 of the Dungeon.
You worshipped Vehumet.
Vehumet was pleased with you.
You visited 1 branch of the dungeon, and saw 8 of its levels.

You collected 1054 gold pieces.
You spent 94 gold pieces at shops.


Innate Abilities, Weirdness & Mutations

You have a beak for a mouth.
You have claws for feet.
Your magical nature lets you fly swiftly and evasively.


   Skills:
 + Level 5.5 Fighting
 + Level 6.5 Dodging
 - Level 2.0 Stealth
 + Level 5.4 Spellcasting
 * Level 10.5 Conjurations
 * Level 9.5 Fire Magic


You had 6 spell levels left.
You knew the following spells:

 Your Spells              Type           Power      Damage    Failure   Level
a - Foxfire               Conj/Fire      100%       2x1d9     1%          1
b - Scorch                Fire           100%       2d10      1%          2
c - Conjure Flame         Conj/Fire      62%        6-21      1%          3
d - Inner Flame           Hex/Fire       36%        N/A       4%          3
e - Flame Wave            Conj/Fire      62%        2d12      1%          4

Your spell library contained the following spells:

 Spells                   Type           Power      Damage    Failure   Level
 Searing Ray              Conj           94%        2d7       1%          2
 Shock                    Conj/Air       100%       1d9       1%          1
 Iskenderun's Battlesphe  Conj           47%        2d10      4%          5
 Blink                    Tloc           10%        N/A       17%         2
 Passwall                 Tmut/Erth      4%         N/A       17%         2
 Lesser Beckoning         Tloc           5%         N/A       32%         3
 Swiftness                Air            5%         N/A       32%         3
 Airstrike                Air            2%         N/A       73%         4
 Iron Shot                Conj/Erth      13%        9d3       89%         6
 Alistair's Intoxication  Tmut/Pois      3%         N/A       97%         5
 Borgnjor's Vile Clutch   Necr/Erth      2%         N/A       97%         5
 Manifold Assault         Tloc           5%         N/A       97%         5
 Summon Mana Viper        Hex/Summ       5%         N/A       97%         5
 Eringya's Noxious Bog    Tmut/Pois      2%         N/A       100%        6
 Spellforged Servitor     Conj/Summ      13%        N/A       100%        7

Inventory:

Hand Weapons
 B - a +0 war axe
   (You found it on level 1 of the Dungeon)
 G - the +8 war axe of the Forest {freeze, rF++ Will+}
   (You found it on level 3 of the Dungeon)

   It freezes those it strikes, dealing additional cold damage.
   It can also slow down cold-blooded creatures.
   rF:        It greatly protects you from fire.
   Will:      It increases your willpower.
 K - a +2 whip of flaming
   (You took it off Pikel on level 4 of the Dungeon)
Missiles
 d - 89 stones
 h - 2 curare-tipped darts {=f}
 j - 14 poisoned darts
 o - 3 javelins
 t - 5 atropa-tipped darts
 E - 3 boomerangs
 I - 2 throwing nets {=f!f}
Armour
 a - a +1 robe (worn)
 q - a +0 leather armour
   (You took it off an orc on level 7 of the Dungeon)
 w - a +0 robe
   (You took it off an orc wizard on level 7 of the Dungeon)
 A - a +0 scale mail
   (You took it off an orc priest on level 8 of the Dungeon)
 J - a +0 scale mail
   (You took it off an orc on level 8 of the Dungeon)
 O - a +0 chain mail
   (You took it off an orc on level 8 of the Dungeon)
 P - a +0 robe
   (You took it off an orc wizard on level 8 of the Dungeon)
 T - a +0 robe
   (You took it off an orc wizard on level 8 of the Dungeon)
 X - a +0 cloak (worn)
   (You found it on level 7 of the Dungeon)
Magical Staves
 s - a staff of fire (weapon) {!a}
   (You found it on level 2 of the Dungeon)
Jewellery
 f - a ring of protection from fire
   (You took it off an orc priest on level 7 of the Dungeon)
 g - an amulet of regeneration
   (You found it on level 7 of the Dungeon)
 z - an amulet of magic regeneration (around neck)
   (You found it on level 6 of the Dungeon)
 F - a ring of protection from fire (right hand)
   (You found it on level 6 of the Dungeon)
 N - a ring of positive energy
   (You found it on level 5 of the Dungeon)
 R - a ring of resist corrosion (left hand)
   (You found it on level 1 of the Dungeon)
 Z - a ring of wizardry
   (You found it on level 6 of the Dungeon)
Wands
 k - a wand of digging (4)
   (You found it on level 7 of the Dungeon)
 x - a wand of flame (36)
   (You took it off Duvessa on level 6 of the Dungeon)
 C - a wand of iceblast (25)
   (You took it off a kobold on level 3 of the Dungeon)
Scrolls
 c - a scroll of summoning
 e - 3 scrolls of immolation {!r!r}
 n - 6 scrolls of teleportation {@r4}
 v - 2 scrolls of poison {!r}
 y - a scroll of enchant armour
 L - 2 scrolls of identify {@r1}
 Q - a scroll of vulnerability {!r!r}
 U - 3 scrolls of fog
 V - a scroll of fear
Potions
 b - a potion of magic
 i - a potion of flight
 l - 4 potions of attraction {!q}
 p - 2 potions of ambrosia
 r - a potion of heal wounds {@q2}
 u - a potion of curing {@q1}
 D - a potion of haste {@q3}
 H - 2 potions of mutation {!q}
 M - a potion of brilliance
 S - a potion of might

Dungeon Overview and Level Annotations

Branches:
Dungeon (8/15) Zot: 26595  Temple (0/1) D:6
   Lair: D:8-11

Altars:
Cheibriados
Makhleb
Okawaru
Sif Muna
Uskayaw
Vehumet
The Shining One

Shops:
D:1 [[[*[   D:6 :

Annotations:
D:6 exclusion: statue

....)........###. ..
..................# ..
..................# #.
...............#..# #.
..................# #.
.....$............# ##.
......).).........# ##..
.......o..........###...
.......@...........##..#
(......................#
........................
....g..####..####...†...
##.K### #### #.......
##' #......# . #.......
# #....... #.......


You could see an orc warrior (can't see you, combustible), a goblin (wandering,
can't see you) and a kobold (can't see you).


Message History

The killer bee barely misses you.
Unknown command.
Unknown command.
Unknown command.
Unknown command.
You fade into invisibility!
The killer bee closely misses you. The hornet misses you.
The killer bee barely misses you. The hornet barely misses you.
Unknown command.
The killer bee misses you. The killer bee closely misses you.
You completely miss the killer bee. Your kick misses the killer bee.
The killer bee misses you.
The orc priest invokes the aid of Beogh against you.
Beogh smites you! The killer bee misses you. 😕 HP[-11]
You take 11 damage, and now have 48/59 hp.
You're too confused to move!
The hornet stings you but does no damage.
The killer bee stings you! The hornet barely misses you. 😮 HP[-8]
You take 8 damage, and now have 40/59 hp.
Unknown command.
You hit the killer bee but do no damage.
You claw the killer bee, but do no damage.
Your punch misses the killer bee. The killer bee misses you. x2
The hornet misses you.
The killer bee stings you but does no damage.
The hornet misses you.
Unknown command.
Unknown command.
You hit the killer bee but do no damage.
Your kick misses the killer bee.
You feel less confused. The killer bee completely misses you.
The hornet closely misses you.
The killer bee barely misses you. 😮 HP[+1]
Casting: Foxfire (safe; 1% risk of failure)
Confirm with . or Enter, or press ? or * to list all spells.
Casting: Flame Wave (dangerous; 1% risk of failure)
Press: ? - help, Dir - look around, f - activate You feel a surge of power!
A wave of flame ripples out!
The flame wave engulfs the killer bee!
You kill the killer bee!
Vehumet accepts your kill.
The flame wave engulfs the hornet! (Press . to intensify the flame waves.)
You hear a shout!
The hornet stings you.
You feel yourself slow down. The hornet misses you.
A magic dart appears from out of thin air!
The magic dart hits you.
Something unseen opens the door. 😮 HP[-10] MP[-4]
You take 10 damage, and now have 31/59 hp.
You lost 4 mp, and now have 15/19 mp.
A wave of flame ripples out!
The flame wave engulfs the orc warrior!!
The flame wave engulfs the hornet!
The flame wave engulfs the orc priest!
You kill the orc priest!
Vehumet accepts your kill.
The flame wave engulfs something!!
Vehumet accepts your kill.
Reactivating autopickup.
You feel a bit more experienced.
You hear a shout! x3
The hornet stings you!
* * * LOW HITPOINT WARNING * * *
You are poisoned.
You feel as though you will be slow longer.
A kobold comes into view. It is wielding a +0 dagger.
The orc warrior barely misses you.
A goblin comes into view. It is wielding a +0 club.
The hornet barely misses you.
You hear a shout! 😨 HP[-9]
You take 9 damage, and now have 22/59 hp.
Unknown command.
Unknown command.
A wave of flame ripples out!
The flame wave engulfs the orc warrior.
The flame wave engulfs the hornet!
You kill the hornet!
Vehumet accepts your kill.
You feel your power returning.
You finish channelling waves of flame.
You feel very sick.
You hear a shout! x2
The orc warrior barely misses you.
The orc warrior completely misses you. 😨 HP[-4] MP[+3]
You take 4 damage, and now have 18/59 hp.
You regained 3 mp, and now have 18/19 mp.
Unknown command.
Unknown command.
Casting: Flame Wave (dangerous; 1% risk of failure)
Confirm with . or Enter, or press ? or * to list all spells.
You feel a surge of power!
Flames lash the orc warrior.
The orc warrior's fire resistance burns away.
You feel yourself speed up.
You feel sick.
The orc warrior hits you with a +0 short sword!!
You die...

Skill      XL: |  1  2  3  4  5  6  7  8  9 10 |
---------------+-------------------------------+-----
Conjurations   | 2 3 4 5 6 7 9 10 | 10.5
Fighting       | 1 2 3 4 5 |  5.5
Fire Magic     | 4 5 6 7 8 9 |  9.5
Dodging        | 3 4 5 6 |  6.5
Spellcasting   | 3 4 5 |  5.4
Stealth        | |  2.0

Action                   |  1- 3 |  4- 6 |  7- 9 | 10-12 || total
-------------------------+-------+-------+-------+-------++-------
Melee: War axe           |     1 |     7 |       |       ||     8
       Peck              |       |     2 |       |       ||     2
       Kick              |       |     1 |     1 |     1 ||     3
       Staff             |       |       |     2 |     4 ||     6
 Cast: Foxfire           |    61 |    71 |   158 |    42 ||   332
       Scorch            |     3 |    20 |    23 |    10 ||    56
       Conjure Flame     |       |     1 |    12 |     2 ||    15
       Flame Wave        |       |       |     4 |     4 ||     8
       Inner Flame       |       |       |     3 |       ||     3
  Use: Scroll            |       |    12 |     7 |     3 ||    22
       Potion            |       |     1 |       |     1 ||     2
Armor: Robe              |     2 |     6 |     3 |    13 ||    24
Dodge: Dodged            |     7 |    22 |    50 |    49 ||   128

Levels and vault maps discovered:
D:1:      wander_arrival_peaceful_grave, layout_loops_ring, serial_shops, shop,
          shop, nicolae_shop_behind_doors, nicolae_diamond_shop,
          nicolae_diamond_shop, hellmonk_ecumenical_altar_blasted,
          minmay_close_crescents
D:2:      layout_basic, grunt_ministairs_5, serial_bayou_pond_b
D:3:      layout_loops_ring, mainiacjoe_overflow_tiny_flanked, minmay_bisected
D:4:      layout_loops_corners, nicolae_tso_besieged_by_evil, uniq_pikel
D:5:      layout_loops_cross, nicolae_uskayaw_suspiria,
          mainiacjoe_overflow_alcove_4, kennysheep_minor_cross,
          uniq_blork_the_orc, uniq_menkaure
D:6:      layout_basic, lemuel_crystal_altar, vehumet_statue,
          okawaru_gym_becter, minmay_temple_entry_statues,
          nicolae_shop_self_help, uniq_duvessa
D:7:      layout_rooms, uniq_crazy_yiuf_cottage
D:8:      corexii_shantytown, layout_layer_cave, uniq_joseph

Notes
Turn   | Place    | Note
-------+----------+-------------------------------------------
     0 | D:1      | Kae the Tengu Fire Elementalist began the quest for the
                  | Orb.
     0 | D:1      | Reached XP level 1. HP: 10/10 MP: 4/4
     0 | D:1      | magus.rc [v1.11.3]
    45 | D:1      | Found Erucad's Antique Armour Boutique.
    69 | D:1      | Found a faded altar of an unknown god.
    93 | D:1      | Reached XP level 2. HP: 15/15 MP: 0/6
   206 | D:1      | Reached skill level 2 in Conjurations
   213 | D:1      | Found Teleenai's Antique Armour Shop.
   291 | D:1      | You add the spells Alistair's Intoxication, Borgnjor's Vile
                  | Clutch and Eringya's Noxious Bog to your library.
   354 | D:1      | Found Fyokhapo's Antique Armour Emporium.
   358 | D:1      | Found Vifiss's Antique Armour Shoppe.
   417 | D:1      | Learned a level 2 spell: Scorch
   625 | D:1      | Found Puprujea's Assorted Antiques.
   631 | D:1      | Bought an emerald potion for 22 gold pieces
   838 | D:1      | Reached XP level 3. HP: 20/20 MP: 4/7
  1113 | D:1      | Bought a golden potion for 22 gold pieces
  1185 | D:2      | You add the spells Passwall and Summon Mana Viper to your
                  | library.
  1185 | D:2      | Got Sif Muna's Incunabulum of Beguiling and Moulding
  1411 | D:2      | Reached skill level 1 in Fighting
  1480 | D:2      | Reached skill level 3 in Conjurations
  1480 | D:2      | Reached XP level 4. HP: 23/25 MP: 3/8
  1535 | D:2      | Reached skill level 4 in Fire Magic
  2143 | D:2      | Learned a level 3 spell: Conjure Flame
  2180 | D:1      | Bought a scroll labelled JOSU LOUTHROEGI for 25 gold pieces
  2180 | D:1      | Bought a scroll labelled XEMIAZANAE for 25 gold pieces
  2270 | D:3      | Found a snail-covered altar of Cheibriados.
  2289 | D:3      | Noticed a black bear
  2303 | D:3      | Killed a black bear
  2304 | D:3      | Reached skill level 3 in Dodging
  2304 | D:3      | Gained mutation: Your magical nature lets you fly swiftly
                  | and evasively. [Tengu growth]
  2304 | D:3      | Reached XP level 5. HP: 30/30 MP: 1/9
  2745 | D:3      | Reached skill level 4 in Conjurations
  2943 | D:3      | Identified the +8 war axe of the Forest {freeze, rF++
                  | Will+}
  3091 | D:3      | Identified a scroll of acquirement
  3091 | D:3      | Acquired 732 gold pieces
  3229 | D:4      | Found a glowing golden altar of the Shining One.
  3526 | D:4      | Learned a level 3 spell: Inner Flame
  3612 | D:4      | Reached XP level 6. HP: 35/35 MP: 7/10
  3665 | D:4      | Reached skill level 5 in Fire Magic
  3869 | D:4      | Reached skill level 2 in Fighting
  4034 | D:4      | Noticed a black bear
  4042 | D:4      | Killed a black bear
  4272 | D:4      | Reached skill level 3 in Spellcasting
  4272 | D:4      | Reached skill level 5 in Conjurations
  4272 | D:4      | Reached XP level 7. HP: 40/40 MP: 6/12
  4403 | D:4      | You pick up a book of Air and begin reading...
  4403 | D:4      | You add the spells Shock, Swiftness and Airstrike to your
                  | library.
  4440 | D:4      | Noticed Pikel
  4467 | D:4      | Killed Pikel
  4468 | D:4      | Reached skill level 3 in Fighting
  4468 | D:4      | Reached skill level 4 in Dodging
  4468 | D:4      | Reached skill level 6 in Conjurations
  4468 | D:4      | Reached skill level 6 in Fire Magic
  4468 | D:4      | Reached XP level 8. HP: 46/46 MP: 2/14
  4618 | D:4      | You pick up a book of Power and begin reading...
  4618 | D:4      | You add the spells Iskenderun's Battlesphere, Iron Shot and
                  | Spellforged Servitor to your library.
  5009 | D:5      | Entered Level 5 of the Dungeon
  5170 | D:5      | Found a shimmering blue altar of Sif Muna.
  5576 | D:5      | Found a hide-covered altar of Uskayaw.
  5599 | D:5      | Noticed Blork the orc
  5616 | D:5      | Killed Blork the orc
  5617 | D:5      | Reached skill level 7 in Conjurations
  5770 | D:5      | You pick up a book of Spatial Translocations and begin
                  | reading...
  5770 | D:5      | You add the spells Blink, Lesser Beckoning and Manifold
                  | Assault to your library.
  5882 | D:5      | Noticed Menkaure
  5888 | D:5      | Killed Menkaure
  5889 | D:5      | Reached skill level 4 in Spellcasting
  5889 | D:5      | Reached skill level 7 in Fire Magic
  6162 | D:5      | Reached skill level 4 in Fighting
  6309 | D:5      | Reached skill level 5 in Dodging
  6309 | D:5      | Reached XP level 9. HP: 52/52 MP: 8/16
  6321 | D:5      | Reached skill level 8 in Conjurations
  7052 | D:6      | Noticed Duvessa
  7052 | D:6      | Noticed Dowan
  7083 | D:6      | Killed Duvessa
  7131 | D:6      | Killed Dowan
  7132 | D:6      | Reached skill level 8 in Fire Magic
  7227 | D:6      | Found an iron altar of Okawaru.
  7383 | D:6      | Found a staircase to the Ecumenical Temple.
  7400 | D:6      | Found a burning altar of Makhleb.
  7457 | D:6      | Found a radiant altar of Vehumet.
  7464 | D:6      | Became a worshipper of Vehumet
  7702 | D:6      | Reached skill level 9 in Conjurations
  7907 | D:6      | Learned a level 4 spell: Flame Wave
  7977 | D:6      | Found Uboc's Self-Improvement Boutique.
  8101 | D:7      | Reached * piety under Vehumet
  8101 | D:7      | Offered knowledge of Sandblast by Vehumet.
  8102 | D:7      | Reached skill level 5 in Fighting
  8105 | D:7      | Reached skill level 6 in Dodging
  8105 | D:7      | Reached skill level 5 in Spellcasting
  8235 | D:7      | Reached XP level 10. HP: 55/59 MP: 18/18
  8326 | D:7      | Found a runed translucent door.
  8327 | D:7      | Noticed Crazy Yiuf
  8614 | D:7      | Reached skill level 10 in Conjurations
  8614 | D:7      | Reached skill level 9 in Fire Magic
  8958 | D:7      | Killed Crazy Yiuf
  9392 | D:8      | Reached ** piety under Vehumet
  9419 | D:8      | Offered knowledge of Searing Ray by Vehumet.
  9436 | D:8      | Slain by an orc warrior

Vanquished Creatures
  Pikel (D:4)
  A hornet (D:8)
  A wyvern (D:7)
  Menkaure (D:5)
  3 water moccasins
  Duvessa (D:6)
  2 ice beasts (D:7)
  4 black bears
  An orc warrior (D:6)
  A sky beast (D:6)
  A centaur (D:5)
  2 kobold brigands (D:7)
  Blork the orc (D:5)
  4 bullfrogs
  A necrophage (D:6)
  5 scorpions
  Dowan (D:6)
  8 wights (D:5)
  9 killer bees (D:8)
  A howler monkey (D:6)
  Crazy Yiuf (D:7)
  4 hounds
  A jelly (D:5)
  A gnoll shaman (D:6)
  5 orc priests
  2 iguanas
  7 orc wizards
  4 gnolls (D:6)
  12 adders
  2 white imps
  A worm (D:4)
  A dart slug (D:1)
  23 orcs
  5 bats
  5 endoplasms
  4 giant cockroaches
  4 goblins
  5 hobgoblins
  7 jackals
  21 kobolds
  2 quokkas (D:2)
  8 ball pythons
  2 frilled lizards
  A goblin skeleton (D:4)
  2 hobgoblin zombies (D:4)
  3 kobold zombies (D:4)
  An orc skeleton (D:4)
  An orc zombie (D:4)
  9 rats
193 creatures vanquished.

Vanquished Creatures (others)
  559 foxfires
  A plant (D:2)
560 creatures vanquished.

Grand Total: 753 creatures vanquished

Table legend:
 A = Non-vault XP
 B = Vault XP
 C = Vault XP percentage of total XP
 D = Non-vault monster count
 E = Vault monster count
 F = Vault count percentage of total count
                 A         B        C        D         E       F
            +---------+---------+-------+---------+---------+-------
      Total |    5539 |    1163 |  17.4 |     166 |      27 |  14.0
            +---------+---------+-------+---------+---------+-------
        D:1 |      41 |       6 |  12.8 |      23 |       5 |  17.9
        D:2 |      65 |      19 |  22.6 |      12 |       4 |  25.0
        D:3 |     153 |      16 |   9.5 |      13 |       3 |  18.8
        D:4 |     449 |     611 |  57.6 |      22 |      10 |  31.2
        D:5 |    1268 |     253 |  16.6 |      23 |       2 |   8.0
        D:6 |     913 |     214 |  19.0 |      22 |       2 |   8.3
        D:7 |    1375 |      44 |   3.1 |      29 |       1 |   3.3
        D:8 |    1275 |       0 |   0.0 |      22 |       0 |   0.0
            +---------+---------+-------+---------+---------+-------

Illustrated notes

Table legend:
 A = Kills in this place as a percentage of kills in entire the game.
 B = Kills by you in this place as a percentage of kills by you in the entire game.
 C = Kills by friends in this place as a percentage of kills by friends in the entire game.
 D = Other kills in this place as a percentage of other kills in the entire game.
 E = Experience gained in this place as a percentage of experience gained in the entire game.
 F = Experience gained in this place divided by the number of levels of this place that you have seen.
                   A       B       C       D       E      F
               +-------+-------+-------+-------+-------+----------------------
         Total | 100.0 | 100.0 |   N/A |   N/A | 100.0 | 837.8
       Dungeon | 100.0 | 100.0 |   N/A |   N/A | 100.0 | 837.8
               +-------+-------+-------+-------+-------+----------------------

Table legend: (Time is in decaauts)
 A = Elapsed time spent in this place.
 B = Non-inter-level travel time spent in this place.
 C = Inter-level travel time spent in this place.
 D = Time resting spent in this place.
 E = Time spent auto-exploring this place.
 F = Levels seen in this place.
 G = Mean time per level.
                   A        B        C        D        E       F      G
               +--------+--------+--------+--------+--------+-----+--------+
         Total |   9116 |   8777 |    339 |    301 |   7027 |   8 | 1139.5 |
       Dungeon |   9116 |   8777 |    339 |    301 |   7027 |   8 | 1139.5 |
               +--------+--------+--------+--------+--------+-----+--------+

Top non-repeatable levels by time:
     D:5: 1693 daAuts
     D:4: 1609 daAuts
     D:6: 1187 daAuts
     D:1: 1164 daAuts
     D:3: 1147 daAuts
     D:7: 1075 daAuts
     D:2: 1036 daAuts
     D:8: 203 daAuts
